 Dungeon Crawl Stone Soup version 0.31.0-11-ge490571c62 (webtiles) character file.

Game seed: 14151082837479516607

200 MollyMolluskus the Ducker (level 5, -2/36 HPs)
             Began as an Octopode Fighter on Jan 31, 2024.
             Slain by a gnoll
             ... wielding a +0 flail
              (11 damage)
             ... on level 3 of the Dungeon.
             The game lasted 00:14:16 (2148 turns).

MollyMolluskus the Ducker (Octopode Fighter)        Turns: 2148, Time: 00:14:16

Health: -2/36      AC:  1    Str: 18    XL:     5   Next: 78%
Magic:  5/5        EV: 13    Int: 10    God:
Gold:   101        SH:  4    Dex: 11    Spells: 4/4 levels left

rFire   . .          .
                       - Unarmed
rCold   . . .        a - +0 buckler
rNeg    . . .        (helmet restricted)
rPois   +            (no amulet)
rElec   .            h - ring of poison resistance
rCorr   .            (no ring)
SInv    .            (no ring)
Will    .....        (no ring)
Stlth   +++          (no ring)
HPRegen 0.26/turn    (no ring)
MPRegen 0.09/turn    (no ring)
                     (no ring)

%: no passive effects
@: no status effects
A: almost no armour, amphibious, 8 rings, camouflage 1, gelatinous body 1,
(nimble swimmer 1), tentacles
a: no special abilities


You were on level 3 of the Dungeon.
You visited 1 branch of the dungeon, and saw 4 of its levels.

You collected 101 gold pieces.

Inventory:

Missiles
 d - 4 stones (quivered)
Armour
 a - a +0 buckler (worn)
Jewellery
 h - a ring of poison resistance (left tentacle)
Wands
 j - a wand of iceblast (5)
Scrolls
 c - a scroll of immolation
Potions
 b - 2 potions of might
 e - a potion of curing
 f - a potion of invisibility {unknown}
 g - a potion of enlightenment {unknown}
 i - a potion of brilliance {unknown}
 k - 2 potions of attraction {unknown}


   Skills:
 + Level 3.6 Fighting
 + Level 3.7 Dodging
 + Level 2.8 Stealth
 + Level 3.7 Shields
 * Level 3.6 Unarmed Combat


You had 4 spell levels left.
You didn't know any spells.
Your spell library contained the following spells:

 Spells                   Type           Power      Damage    Failure   Level
 Lesser Beckoning         Tloc           0%         N/A       58%         2
 Gell's Gravitas          Tloc           0%         N/A       82%         3
 Teleport Other           Tloc           0%         N/A       82%         3


Dungeon Overview and Level Annotations

Branches:
Dungeon (4/15)
 Temple: D:4-7

Altars:
Zin


Innate Abilities, Weirdness & Mutations

You cannot wear most types of armour.
You are amphibious.
You can wear up to eight rings at the same time.
Your skin changes colour to match your surroundings (Stealth+).
Your rubbery body absorbs attacks. (AC +1, EV +1)
((You are camouflaged when in or above water. (Stealth+)))
You have tentacles for arms and can constrict up to eight enemies at once.


Message History

You hear a shout!
The gnoll closely misses you.
Unknown command.
You tentacle-slap the gnoll. You squeeze the gnoll.
You kill the gnoll!
You block the gnoll's attack.
A ball python comes into view.
Unknown command.
A bombardier beetle comes into view.
You block the gnoll's attack. The gnoll closely misses you.
The hobgoblin hits you.
There is a stone staircase leading up here.
The scorpion barely misses you. The gnoll closely misses you.
The gnoll barely misses you. The hobgoblin barely misses you.
The scorpion stings you.
You are poisoned.
The scorpion poisons you! The adder bites you.
You climb upwards.
You feel very sick.
There is a stone staircase leading down here.
You tentacle-slap the scorpion. You grab the scorpion.
The scorpion is lightly wounded.
You constrict the scorpion, but do no damage.
You feel sick. The hobgoblin hits you. You block the gnoll's attack.
The scorpion stings you.
You are lethally poisoned!
The scorpion poisons you!
You feel better.
You constrict the scorpion. The hobgoblin barely misses you.
The gnoll hits you with a +0 flail! The scorpion stings you.
You tentacle-slap the scorpion.
The scorpion is moderately wounded.
You constrict the scorpion. The hobgoblin barely misses you.
The gnoll hits you with a +0 flail!
* * * LOW HITPOINT WARNING * * *
The scorpion stings you but does no damage.
Unknown command.
You closely miss the gnoll. You grab the gnoll. You constrict the scorpion.
You constrict the gnoll. The hobgoblin completely misses you.
The gnoll hits you with a +0 flail!
You die...

##################
#.................
#sg...............
#@g...............
#.................
#.................
#.................
#.................
#........##...#...
#############....<
##.### #.##


You could see a scorpion, a gnoll and a hobgoblin.

Vanquished Creatures
  Robin (D:3)
  7 gnolls
  4 adders (D:2)
  2 dart slugs
  A ribbon worm (D:2)
  An orc (D:3)
  7 endoplasms
  3 giant cockroaches
  12 goblins
  13 hobgoblins
  A kobold (D:1)
  4 quokkas
  10 ball pythons
  3 bats
  2 frilled lizards
  6 rats
77 creatures vanquished.

Notes
Turn   | Place    | Note
-------+----------+-------------------------------------------
     0 | D:1      | MollyMolluskus the Octopode Fighter began the quest for the
                  | Orb.
     0 | D:1      | Reached XP level 1. HP: 16/16 MP: 1/1
   112 | D:1      | Reached XP level 2. HP: 21/21 MP: 2/2
   116 | D:1      | Found a faded altar of an unknown god.
   172 | D:1      | Reached skill level 1 in Stealth
   385 | D:1      | Reached XP level 3. HP: 22/26 MP: 3/3
   827 | D:2      | Reached XP level 4. HP: 30/31 MP: 4/4
  1338 | D:2      | Reached XP level 5. HP: 34/36 MP: 5/5
  1966 | D:3      | Found a glowing silver altar of Zin.
  2062 | D:3      | Noticed Robin
  2069 | D:3      | Killed Robin
  2148 | D:3      | Slain by a gnoll

Illustrated notes

Levels and vault maps discovered:
D:1:      minmay_arrival_radiant_lines, layout_basic,
          dreamdust_ecumenical_altar_statues
D:2:      layout_basic
D:3:      layout_rooms, mainiacjoe_overflow_tiny_flanked,
          minmay_misc_feat_roman, uniq_robin
D:4:      layout_cave_pools, mainiacjoe_overflow_alcove_1,
          gammafunk_ghost_smash, nicolae_ossuary_entry_false_entrances,
          uniq_crazy_yiuf_cottage

Skill      XL: |  1  2  3  4 |
---------------+-------------+-----
Stealth        | 1 2 |  2.8
Unarmed Combat | 3 |  3.6
Fighting       | |  3.6
Dodging        | |  3.7
Shields        | |  3.7

Action                     |  1- 3 |  4- 6 || total
---------------------------+-------+-------++-------
  Melee: Unarmed           |    57 |    95 ||   152
         Constrict         |    15 |    25 ||    40
         Tentacles         |    12 |    21 ||    33
         Punch             |     1 |     3 ||     4
  Throw: Stone             |     2 |     6 ||     8
    Use: Scroll            |     3 |     2 ||     5
         Potion            |       |     1 ||     1
   Stab: Sleeping          |     6 |    10 ||    16
 Armour: Skin              |    14 |    31 ||    45
  Dodge: Dodged            |    22 |    50 ||    72
  Block: Buckler           |     9 |    10 ||    19
